 Dungeon Crawl Stone Soup version 0.31-a0-66-ge618eeaa78 (webtiles) character file.

Game seed: 7346135590677578580

234 Strat the Grave Robber (level 5, 0/35 HPs)
             Began as a Mummy Necromancer on May 22, 2023.
             Slain by a gnoll
             ... wielding a +0 spear
             ... led by a gnoll bouda
              (2 damage)
             ... on level 4 of the Dungeon.
             The game lasted 00:09:05 (3193 turns).

Strat the Grave Robber (Mummy Necromancer)          Turns: 3193, Time: 00:09:06

Health: 0/35       AC:  3    Str: 11    XL:     5   Next: 75%
Magic:  7/12       EV: 12    Int: 16    God:
Gold:   160        SH:  0    Dex: 13    Spells: 9/13 levels left

rFire   x . .        a - +0 trident
rCold   + . .        (no shield)
rNeg    + + +        h - +0 robe
rPois   ∞            (no helmet)
rElec   .            (no cloak)
rCorr   .            (no gloves)
SInv    .            f - +0 pair of boots
Will    .....        (no amulet)
Stlth   ++           (no ring)
HPRegen 0.25/turn    (no ring)
MPRegen 0.13/turn

%: faith
@: weak-willed
A: cold resistance 1, negative energy resistance 3, torment resistance 2, heat
vulnerability 1, in touch with death 1, no potions, faith
a: no special abilities


You were on level 4 of the Dungeon.
You visited 1 branch of the dungeon, and saw 4 of its levels.

You collected 160 gold pieces.

Inventory:

Hand Weapons
 a - a +0 trident (weapon)
 c - a +0 spear
Armour
 f - a +0 pair of boots (worn)
 h - a +0 robe (worn)
Wands
 g - a wand of flame (16)
Scrolls
 b - 2 scrolls of identify
 e - a scroll of vulnerability
 i - a scroll of enchant armour {unknown}


   Skills:
 - Level 1.5 Dodging
 - Level 1.5 Stealth
 + Level 4.9 Spellcasting
 * Level 6.1 Necromancy


You had 9 spell levels left.
You knew the following spells:

 Your Spells              Type           Power      Damage    Failure   Level
a - Necrotise             Necr           100%       1d9       1%          1
b - Vampiric Draining     Necr           35%        2d8       3%          3

Your spell library contained the following spells:

 Spells                   Type           Power      Damage    Failure   Level
 Animate Dead             Necr           35%        N/A       12%         4
 Agony                    Necr           35%        N/A       32%         5
 Dazzling Flash           Conj/Hex       2%         N/A       52%         3
 Manifold Assault         Tloc           3%         N/A       83%         4
 Silence                  Hex/Air        0%         N/A       99%         5
 Dispersal                Tloc           1%         N/A       100%        6
 Disjunction              Tloc           1%         N/A       100%        8


Dungeon Overview and Level Annotations

Branches:
Dungeon (4/15)
 Temple: D:4-7

Altars:

Shops:
D:4 (


Innate Abilities, Weirdness & Mutations

You are immune to poison.
Your flesh is cold resistant. (rC+)
You are immune to negative energy. (rN+++)
You are immune to unholy pain and torment.
You are vulnerable to heat. (rF-)
You are in touch with the powers of death.
You do not drink.
You have a special connection with the divine. (Faith)


Message History

Your attacks no longer feel as feeble.
Casting: Necrotise (safe; 1% risk of failure)
Confirm with . or Enter, or press ? or * to list all spells.
Aiming: Necrotise (safe; 1% risk of failure)
Press: ? - help, Shift-Dir - straight line, f/p - gnoll bouda
Aim: a gnoll bouda, wielding a +0 whip and wearing a +0 robe (almost dead, weak-willed, chance to affect: 88%)
You feel a surge of power!
The gnoll bouda writhes in agony.
You kill the gnoll bouda!
The dead are walking!
The gnoll hits you but does no damage.
The gnoll hits you from afar with a +0 spear.
The gnoll hits you from afar with a +0 halberd!
* * * LOW HITPOINT WARNING * * *
The gnoll hits you from afar with a +0 halberd!
* * * LOW HITPOINT WARNING * * *
The gnoll hits you with a +0 spear.
* * * LOW HITPOINT WARNING * * *
The gnoll barely misses you.
You see here 15 gold pieces.
Unknown command.
The gnoll misses you.
The gnoll barely misses your gnoll bouda skeleton.
Your gnoll bouda skeleton hits the gnoll.
The gnoll hits you from afar with a +0 spear.
* * * LOW HITPOINT WARNING * * *
Unknown command.
The gnoll attacks as you move away! The gnoll misses you.
The gnoll hits your gnoll bouda skeleton with a +0 halberd!
The gnoll hits your gnoll bouda skeleton with a +0 club!
Your gnoll bouda skeleton is destroyed!
The gnoll attacks as you move away! The gnoll closely misses you.
The gnoll hits you with a +0 club.
* * * LOW HITPOINT WARNING * * *
The gnoll attacks as you move away! The gnoll barely misses you.
The gnoll closely misses you. The gnoll closely misses you.
The gnoll throws a throwing net.
The throwing net closely misses you. The gnoll closely misses you.
You see here a throwing net.
The gnoll barely misses you. The gnoll closely misses you.
The gnoll hits you from afar with a +0 spear.
You die...

#### ##..###
#.....# #....###
#.$....##
########)......#
#...#.......gg@#
###...........g.g#
#.............g..#
#...........######
..##........#
.........#..#
....!....##.#
........##..#
..#.....#...##
#####+##


You could see 5 gnolls.

Vanquished Creatures
  A bullfrog (D:4)
  2 hounds (D:4)
  A gnoll bouda (D:4)
  4 adders
  2 worms (D:2)
  A dart slug (D:1)
  4 ball pythons
  A bat (D:3)
  6 endoplasms
  A giant cockroach (D:3)
  3 goblins
  6 hobgoblins
  3 quokkas
  A frilled lizard (D:2)
  3 kobolds
  4 rats
43 creatures vanquished.

Vanquished Creatures (collateral kills)
  An orc (D:4)
1 creature vanquished.

Grand Total: 44 creatures vanquished

Notes
Turn   | Place    | Note
-------+----------+-------------------------------------------
     0 | D:1      | Strat the Mummy Necromancer began the quest for the Orb.
     0 | D:1      | Reached XP level 1. HP: 13/13 MP: 4/4
   403 | D:1      | Reached XP level 2. HP: 15/19 MP: 3/6
   890 | D:2      | You fall into a shaft and drop 1 floor!
   890 | D:3      | Found a faded altar of an unknown god.
   894 | D:3      | Noticed a phantom
  1227 | D:2      | Gained mutation: You are in touch with the powers of death.
                  | [Mummy growth]
  1227 | D:2      | Reached XP level 3. HP: 24/24 MP: 2/8
  1538 | D:2      | Learned a level 3 spell: Vampiric Draining
  2022 | D:3      | Reached skill level 5 in Necromancy
  2086 | D:3      | Reached XP level 4. HP: 30/30 MP: 6/9
  2568 | D:4      | Noticed a phantom
  2648 | D:4      | Noticed a bullfrog
  2655 | D:4      | Killed a bullfrog
  2667 | D:4      | Reached XP level 5. HP: 31/35 MP: 0/11
  2786 | D:4      | Found Uzxos's Weapon Emporium.
  3063 | D:4      | Reached skill level 6 in Necromancy
  3187 | D:4      | HP: 1/35 [gnoll/+0 spear[a gnoll bouda] (1)]
  3193 | D:4      | Slain by a gnoll

Illustrated notes

Levels and vault maps discovered:
D:1:      ncdulo_smallfort, layout_basic
D:2:      layout_basic, nicolae_concentric_dashed_squares_mild
D:3:      layout_basic, dreamdust_ecumenical_altar_angels_and_demons,
          minmay_misc_feat_pillars
D:4:      minmay_clustersquares, layout_cave_pools, trog_hazing_becter,
          grunt_temple_overflow_open, serial_shops, nicolae_shop_window_shopping

Skill      XL: |  1  2  3  4  5 |
---------------+----------------+-----
Spellcasting   | 3 4 |  4.9
Necromancy     | 5 6 |  6.1
Dodging        | |  1.5
Stealth        | |  1.5

Action                     |  1- 3 |  4- 6 || total
---------------------------+-------+-------++-------
  Melee: Spear             |     9 |     4 ||    13
         Punch             |     1 |       ||     1
   Cast: Necrotise         |    65 |    26 ||    91
         Vampiric Draining |       |     3 ||     3
    Use: Scroll            |       |     4 ||     4
 Armour: Robe              |    15 |     8 ||    23
  Dodge: Dodged            |    38 |    30 ||    68

Table legend: (Time is in decaauts)
 A = Elapsed time spent in this place.
 B = Non-inter-level travel time spent in this place.
 C = Inter-level travel time spent in this place.
 D = Time resting spent in this place.
 E = Time spent auto-exploring this place.
 F = Levels seen in this place.
 G = Mean time per level.
                   A        B        C        D        E       F      G
               +--------+--------+--------+--------+--------+-----+--------+
         Total |   3194 |   3079 |    115 |    310 |   1952 |   4 |  798.5 |
       Dungeon |   3194 |   3079 |    115 |    310 |   1952 |   4 |  798.5 |
               +--------+--------+--------+--------+--------+-----+--------+

Top non-repeatable levels by time:
     D:2: 937 daAuts
     D:1: 889 daAuts
     D:3: 883 daAuts
     D:4: 483 daAuts
